 Dungeon Crawl Stone Soup version 0.32-a0-711-g016ad743e0 (webtiles) character file.

Game seed: 8078348762892437994

72 croobank the Chopper (level 4, 0/40 HPs)
             Began as a Mountain Dwarf Monk on Mar 15, 2024.
             Slain by Natasha (6 damage)
             ... on level 2 of the Dungeon.
             The game lasted 00:03:30 (1203 turns).

croobank the Chopper (Mountain Dwarf Monk)          Turns: 1203, Time: 00:03:31

Health: 0/40       AC:  4    Str: 10 (13) XL:     4   Next: 7%
Magic:  4/4        EV: 11    Int: 11 (13) God:
Gold:   98         SH:  0    Dex: 11 (12) Spells: 3/3 levels left

rFire   + . .        a - +0 hand axe
rCold   + . .        d - orb {light}
rNeg    . . .        b - +0 robe
rPois   +            m - +0 helmet
rElec   +            (no cloak)
rCorr   +            h - +0 pair of gloves
SInv    .            (no boots)
Will    .....        (no amulet)
Stlth   +            (no ring)
HPRegen 0.26/turn    (no ring)
MPRegen 0.09/turn

%: no passive effects
@: about to teleport, resistant, attractive, slowed, glowing, very slow
A: runic magic, artefact enchanting
a: no special abilities


You were on level 2 of the Dungeon.
You visited 1 branch of the dungeon, and saw 2 of its levels.

You collected 98 gold pieces.

Inventory:

Hand Weapons
 a - a +0 hand axe (weapon)
 i - a +0 trident
 o - a +2 vampiric rapier
Missiles
 j - 4 javelins (quivered)
Armour
 b - a +0 robe (worn)
 d - an orb of light (worn)
 h - a +0 pair of gloves (worn)
 m - a +0 helmet (worn)
Scrolls
 g - a scroll of identify {unknown}
 l - a scroll of silence {unknown}


   Skills:
 + Level 4.2 Fighting
 + Level 4.5 Axes
 + Level 2.7 Dodging


You had 3 spell levels left.
You didn't know any spells.
Your spell library contained the following spells:

 Spells                   Type           Power      Damage    Failure   Level
 Blink                    Tloc           0%         N/A       47%         2
 Cigotuvi's Dreadful Rot  Necr/Alch/Air  0%         N/A       47%         2
 Ensorcelled Hibernation  Hex/Ice        0%         N/A       47%         2
 Lesser Beckoning         Tloc           0%         N/A       47%         2
 Momentum Strike          Conj/Tloc      0%         3d8       47%         2
 Passwall                 Erth           0%         N/A       71%         3
 Swiftness                Air            0%         N/A       71%         3
 Ignite Poison            Fire/Alch      0%         N/A       98%         4
 Freezing Cloud           Conj/Ice/Air   0%         6-21      100%        5


Dungeon Overview and Level Annotations

Branches:
Dungeon (2/15)

Altars:

Annotations:
D:2 Natasha


Innate Abilities, Weirdness & Mutations

Your spellcasting is much less encumbered by armour.
You can use scrolls of enchantment on lesser artefacts.


Message History

The cerulean imp hits you from afar with a +1 spear.
Natasha claws you.
You see here a +0 helmet.
You bump into the rock wall.
You feel less invigorated.
You feel less confused. The cerulean imp closely misses you. Natasha claws you.
The cerulean imp closely misses you.
You closely miss Natasha.
Natasha is moderately wounded.
Natasha claws you.
The cerulean imp hits you from afar with a +1 spear.
Natasha claws you.
* * * LOW HITPOINT WARNING * * *
It was a potion of degeneration.
There was something very wrong with that liquid.
You feel weakened.
You feel dopey.
You feel clumsy. The cerulean imp misses you. Natasha casts a spell at you.
The magic dart hits you.
* * * LOW HITPOINT WARNING * * *
The cerulean imp hits you from afar with a +1 spear.
* * * LOW HITPOINT WARNING * * *
It was a potion of resistance.
You feel protected. Natasha closely misses you. The cerulean imp misses you.
Natasha wildly gestures.
Natasha glows brightly for a moment.
Natasha closely misses you.
It was a potion of attraction.
You feel attractive to monsters. The cerulean imp barely misses you.
Natasha mumbles some strange words.
Natasha glows brightly for a moment.
Natasha barely misses you. The cerulean imp closely misses you.
Okay, then.
As you read the scroll labelled WUAMIO UMMIM, it crumbles to dust.
You feel strangely unstable.
It was a scroll of teleportation.
Natasha claws you.
You die...
Natasha begins licking her fur clean.

#... ##... ..
...# .#
.#####..###.#
............#
##$#..# ..#
#...5.# ..#
#.###h##..#####
# #@.........
###.#..######
...#.##
#..#.#.#####.#
....#........#
#### ###.###.##
#.# #.###.##
#.....†##


You could see Natasha and a cerulean imp (summoned).

Vanquished Creatures
  3 adders (D:2)
  3 dart slugs
  7 ball pythons
  2 endoplasms (D:1)
  4 giant cockroaches
  3 goblins (D:1)
  3 hobgoblins
  A quokka (D:1)
  4 bats
  A frilled lizard (D:1)
  4 kobolds
  7 rats
42 creatures vanquished.

Notes
Turn   | Place    | Note
-------+----------+-------------------------------------------
     0 | D:1      | croobank the Mountain Dwarf Monk began the quest for the
                  | Orb.
     0 | D:1      | Reached XP level 1. HP: 19/19 MP: 1/1
   125 | D:1      | Reached XP level 2. HP: 26/26 MP: 2/2
   567 | D:1      | Reached XP level 3. HP: 33/33 MP: 3/3
  1142 | D:2      | Reached XP level 4. HP: 40/40 MP: 4/4
  1185 | D:2      | Noticed Natasha
  1203 | D:2      | Slain by Natasha

Illustrated notes

Levels and vault maps discovered:
D:1:      giann_bridges, layout_basic, minmay_tetromino_o2
D:2:      minmay_inner_zag, layout_loops_ring, minmay_misc_feat_x, uniq_natasha

Skill      XL: |  1  2  3 |
---------------+----------+-----
Axes           | 4 |  4.5
Fighting       | 4 |  4.2
Dodging        | |  2.7

Action                     |  1- 3 |  4- 6 || total
---------------------------+-------+-------++-------
  Melee: Hand axe          |   104 |    13 ||   117
    Use: Potion            |       |     4 ||     4
         Scroll            |       |     1 ||     1
 Armour: Robe              |    73 |    24 ||    97
  Dodge: Dodged            |    56 |    20 ||    76

Table legend: (Time is in decaauts)
 A = Elapsed time spent in this place.
 B = Non-inter-level travel time spent in this place.
 C = Inter-level travel time spent in this place.
 D = Time resting spent in this place.
 E = Time spent auto-exploring this place.
 F = Levels seen in this place.
 G = Mean time per level.
                   A        B        C        D        E       F      G
               +--------+--------+--------+--------+--------+-----+--------+
         Total |   1223 |   1208 |     15 |     71 |    798 |   2 |  611.5 |
       Dungeon |   1223 |   1208 |     15 |     71 |    798 |   2 |  611.5 |
               +--------+--------+--------+--------+--------+-----+--------+

Top non-repeatable levels by time:
     D:1: 806 daAuts
     D:2: 416 daAuts
